Unix NetHack Version 5.0.0-0 post-release - last build Jun 10 2026 00:39:30 (3ee93aec679c4c4259841fe613dc97188e26a321,branch:main).

Game began 2026-06-13 15:44:28, ended 2026-06-13 16:03:24.

LDaviesPeters, neutral female human Archeologist

                                                  ------------
                                         -----  ##...........|     ---------
                                         |...|  # |...........#####........|
                                         |...|### |..........|   # |.......|
                                         |...|#   |..........|   # |.......|
                                         |...-#   ------------   ##........|
                                         |...|                     |.......|
                                         ---.-                     ---.-----
                                           #fd#                       #
                                            @                         #
                                            #                         #
                                         #######                      ##
                                               #                       *
                                               #                       ####
                                               #                        --|---
                                               #                        |...<|
                                               #########################.....|
                                                                        ------

LDaviesPeters the Field Worker  St:13 Dx:11 Co:11 In:16 Wi:15 Ch:11  Neutral
Dlvl:4  $:11 HP:0(20) Pw:20(20) AC:4  Xp:3 T:1767 

Latest messages:
 The dog bites the iguana.
 The iguana misses the dog.
 The iguana bites!
 The dog misses the iguana.
 You kill the iguana!
 You see here a yellow gem.
 I - a yellow gem.
 What do you want to use or apply? [abfgi or ?*] g
 What do you want to rub on the stone? [I or ?*] I
 I - a worthless piece of yellow glass.
 What do you want to drop? [abdf-ikns-uFHI or ?*] I
 You drop a worthless piece of yellow glass.
 You are beginning to feel hungry.
 What do you want to eat? [d or ?*] ?
 This food really hits the spot!
 You finish eating the food ration.
 The door opens.
 You see here 11 gold pieces.
 $ - 11 gold pieces.
 The dog picks up a food ration.
 The dog drops a food ration.
 You see here a food ration.
 You learn more about your items by comparing them.
 d - an uncursed food ration (6 in total).
 You find a hidden door.
 You swap places with your dog.
 The door resists!
 The door opens.
 KABOOM!!  The door was booby-trapped!
 You stagger...
 You feel a bit steadier now.
 You swap places with your dog.
 Pick a monster, object or location.
 f        a cat or other feline (kitten) [seen: normal vision, telepathy]
 You miss the kitten.
 The kitten bites!
 The kitten bites!
 You miss the kitten.
 The kitten bites!
 The kitten misses!
 You miss the kitten.
 The kitten bites!
 The kitten bites!
 The dog bites the kitten.
 The kitten bites the dog.
 The dog misses the kitten.
 You miss the kitten.
 The kitten bites!
 You die...
 Do you want your possessions identified? [ynq] (y) q

Inventory:
 Coins    ('$')
  $ - 11 gold pieces
 Weapons  (')')
  n - a cursed +0 dagger
  t - a +0 elven dagger
  k - a +0 orcish dagger
  a - a +2 bullwhip (alternate weapon; not wielded)
  s - a cursed +0 long sword
 Armor    ('[')
  u - an uncursed +0 helm of telepathy (being worn)
  H - an uncursed +0 pair of water walking boots (being worn)
  F - a blessed +2 small shield (being worn)
  h - a blessed +0 leather jacket (being worn)
 Comestibles  ('%')
  d - 6 uncursed food rations
 Tools    ('(')
  b - an uncursed sack containing 5 items
  i - a magic marker (0:20)
  f - a tinning kit (0:46)
 Gems/Stones  ('*')
  g - an uncursed touchstone

Contents of the sack:
  39 gold pieces
  an uncursed scroll of earth
  an uncursed potion of invisibility
  2 blessed potions of healing
  a +0 pick-axe

LDaviesPeters the Archeologist's attributes:

Background:
 You were a Field Worker, a level 3 female human Archeologist.
 You were neutral, on a mission for Camaxtli
 who was opposed by Quetzalcoatl (lawful) and Huhetotl (chaotic).
 You were right-handed.
 You were in the Dungeons of Doom, on level 4.
 You entered the dungeon 1767 turns ago.
 You had 54 experience points, 26 more were needed to attain level 4.

Basics:
 You had 0 out of 20 hit points.
 You had all 20 energy points (spell power).
 Your armor class was 4.
 Your wallet contained 11 zorkmids, and
 you had 39 more stashed away in your pack.
 Autopickup was off.

Final Characteristics:
 Your strength was 13 (limit:18/100).
 Your dexterity was 11 (limit:18).
 Your constitution was 11 (limit:18).
 Your intelligence was 16 (limit:18).
 Your wisdom was 15 (limit:18).
 Your charisma was 11 (limit:18).

Final Status:
 You weren't hungry.
 You were unencumbered.
 You were bare handed.
 You were unskilled in bare handed combat.

Final Attributes:
 You were devoutly aligned.
 You were telepathic.
 You had automatic searching.
 You could walk on water.
 You are dead.

Miscellaneous:
 You didn't encounter any bones levels.
 Total elapsed playing time was 18 minutes and 55 seconds.

Major events:
 Turn
    1: LDaviesPeters the neutral female human Archeologist entered the dungeon
  971: attained the rank of Field Worker (level 3)
 1048: entered the Gnomish Mines
 1767: killed by a kitten

You didn't know any spells.

Skills:
 Fighting Skills
   bare handed combat [Unskilled]
   two weapon combat  [Unskilled]
   riding             [Unskilled]
 Weapon Skills
   dagger             [Unskilled]
   knife              [Unskilled]
   pick-axe           [Basic]
   short sword        [Unskilled]
   saber              [Unskilled]
   club               [Unskilled]
   quarterstaff       [Unskilled]
   sling              [Unskilled]
   dart               [Unskilled]
   boomerang          [Unskilled]
   whip               [Basic]
   unicorn horn       [Unskilled]
 Spellcasting Skills
   attack spells      [Unskilled]
   healing spells     [Unskilled]
   divination spells  [Unskilled]
   matter spells      [Unskilled]

Voluntary challenges:
 Character rerolling was not enabled.
 You never genocided any monsters.
 You never polymorphed an object.
 You never changed form.
 You used no wishes.
Achievements:
 You attained the rank of Field Worker.
 You entered the Gnomish Mines.
 You entered a shop.

 The Dungeons of Doom: levels 1 to 4
    Level 1:
    Level 2:
       A fountain.
    Level 3:
       An armor shop, a sink.
       Stairs down to The Gnomish Mines.
    Level 4: <- You were here.
       Final resting place for
          you, killed by a kitten.
 The Gnomish Mines:
    Level 4:


Vanquished creatures:
  3 iguanas
 an acid blob
  a coyote
  a hobbit
  a giant rat
  a green mold
  a gecko
  7 jackals
  2 foxes
  a goblin
  3 sewer rats
  a grid bug
  3 lichens
  6 newts
32 creatures vanquished.

No species were genocided or became extinct.

Game over:
                       ----------
                      /          \
                     /    REST    \
                    /      IN      \
                   /     PEACE      \
                  /                  \
                  |  LDaviesPeters   |
                  |      50 Au       |
                  |   killed by a    |
                  |      kitten      |
                  |                  |
                  |                  |
                  |       2026       |
                 *|     *  *  *      | *
        _________)/\\_//(\/(/\)/\//\/|_)_______

Goodbye LDaviesPeters the Archeologist...

You died in The Dungeons of Doom on dungeon level 4 with 411 points,
and 50 pieces of gold, after 1767 moves.
You were level 3 with a maximum of 20 hit points when you died.

